 Dungeon Crawl Stone Soup version 0.30.0-7-g0c4daa9e05 (webtiles) character file.

Game seed: 17873704635376974030

952 Foic the Covert (level 8, -2/54 HPs)
             Began as an Octopode Brigand on May 13, 2023.
             Slain by a gnoll sergeant
             ... wielding a +2 spear of flaming
              (4 damage)
             ... on level 5 of the Dungeon.
             The game lasted 00:15:29 (3926 turns).

Foic the Covert (Octopode Brigand)                  Turns: 3926, Time: 00:15:32

Health: -2/54      AC:  1    Str: 11    XL:     8   Next: 13%
Magic:  8/8        EV: 15    Int: 13    God:
Gold:   215        SH:  5    Dex: 15    Spells: 7/7 levels left

rFire   . . .        a - +2 dagger
rCold   . . .        (no shield)
rNeg    . . .        (helmet restricted)
rPois   .            i - amulet of reflection
rElec   .            (no ring)
rCorr   .            (no ring)
SInv    .            (no ring)
Will    .....        (no ring)
Stlth   +++++        (no ring)
HPRegen 0.29/turn    (no ring)
MPRegen 0.11/turn    (no ring)
                     (no ring)

%: reflection
@: no status effects
A: almost no armour, amphibious, 8 rings, camouflage 1, gelatinous body 1,
(nimble swimmer 1), tentacles
a: no special abilities


You were on level 5 of the Dungeon.
You visited 1 branch of the dungeon, and saw 5 of its levels.

You collected 215 gold pieces.

Inventory:

Hand Weapons
 a - a +2 dagger (weapon)
 s - a +1 dagger of protection
Missiles
 b - 8 poisoned darts
 e - a throwing net
 g - 37 stones (quivered)
Jewellery
 i - an amulet of reflection (around mantle)
Wands
 c - a wand of mindburst (14)
 f - a wand of flame (3)
 m - a wand of charming (22)
 r - a wand of iceblast (8)
Scrolls
 d - a scroll of noise {unknown}
 h - 2 scrolls of vulnerability {unknown}
 k - 2 scrolls of brand weapon {unknown}
 l - a scroll of amnesia {unknown}
 p - 3 scrolls of poison {unknown}
 q - 2 scrolls of identify {unknown}
 t - a scroll of enchant armour {unknown}
 u - a scroll of fog {unknown}
 v - a scroll of blinking {unknown}
 y - a scroll of fear {unknown}
Potions
 j - 2 potions of curing {unknown}
 n - 4 potions of might
 o - 3 potions of resistance {unknown}
 w - a potion of haste {unknown}
 x - a potion of attraction {unknown}


   Skills:
 + Level 3.8 Fighting
 + Level 3.8 Short Blades
 + Level 3.9 Throwing
 * Level 4.8 Dodging
 * Level 8.8 Stealth


You had 7 spell levels left.
You didn't know any spells.
Your spell library contained the following spells:

 Spells                   Type           Power      Damage    Failure   Level
 Sublimation of Blood     Necr           0%         N/A       43%         2
 Wereblood                Tmut           0%         N/A       43%         2
 Dazzling Flash           Conj/Hex       0%         N/A       67%         3
 Gell's Gravitas          Tloc           0%         N/A       67%         3
 Summon Hydra             Summ           0%         N/A       100%        7


Dungeon Overview and Level Annotations

Branches:
Dungeon (5/15)
 Temple: D:4-7

Altars:
Gozag
Trog

Shops:
D:4 :

Annotations:
D:4 2 transporters


Innate Abilities, Weirdness & Mutations

You cannot wear most types of armour.
You are amphibious.
You can wear up to eight rings at the same time.
Your skin changes colour to match your surroundings (Stealth+).
Your rubbery body absorbs attacks. (AC +1, EV +1)
((You are camouflaged when in or above water. (Stealth+)))
You have tentacles for arms and can constrict up to eight enemies at once.


Message History

The gnoll is moderately wounded.
You constrict the gnoll, but do no damage.
The gnoll closely misses you. x2
You hit the gnoll. You squeeze the gnoll.
You kill the gnoll!
You hit the gnoll. Your grab misses the gnoll. Your squeeze misses the gnoll.
The gnoll is lightly wounded.
The gnoll closely misses you.
Found a plate armour.
The gnoll sergeant hits you with a +2 spear of flaming!
The gnoll sergeant burns you. The gnoll completely misses you. x2
You see here a +0 spear.
You hit the gnoll sergeant. You grab the gnoll sergeant.
You squeeze the gnoll sergeant.
The gnoll sergeant is moderately wounded.
You constrict the gnoll sergeant, but do no damage.
You block the gnoll sergeant's attack. You block the gnoll's attack.
The gnoll completely misses you.
You hit the gnoll sergeant.
The gnoll sergeant is moderately wounded.
You constrict the gnoll sergeant. The gnoll sergeant closely misses you.
The gnoll barely misses you. The gnoll hits you with a +0 whip.
You hit the gnoll sergeant.
The gnoll sergeant is heavily wounded.
You constrict the gnoll sergeant. The gnoll sergeant closely misses you.
The gnoll hits you with a +0 whip!
* * * LOW HITPOINT WARNING * * *
The gnoll barely misses you.
You hit the gnoll sergeant but do no damage.
You tentacle-slap the gnoll sergeant.
The gnoll sergeant is heavily wounded.
You constrict the gnoll sergeant, but do no damage.
You hit the gnoll sergeant but do no damage.
You squeeze the gnoll sergeant!
The gnoll sergeant is almost dead.
You constrict the gnoll sergeant, but do no damage.
The gnoll sergeant hits you with a +2 spear of flaming!
* * * LOW HITPOINT WARNING * * *
The gnoll sergeant burns you.
You die...

# ..# #.###.#######
#.#........[
#.........##.
#>.....<..... #........#
#..gg....# #...@g...#
#........# #........#
##.#..##########
#####.#...........#
.............####.#
......#<.......##.######
......#........##.#....#
..... #.....#..##.#.##.#


You could see a gnoll sergeant and 2 gnolls.

Vanquished Creatures
  An ice beast (D:5)
  An ogre (D:5)
  2 phantoms
  3 jellies
  Crazy Yiuf (D:2)
  2 orc priests (D:5)
  2 hounds
  Ijyb (D:4)
  3 iguanas
  Natasha (thrice) (D:2)
  An orc wizard (D:4)
  Robin (D:2)
  A gnoll (D:5)
  6 adders
  4 worms
  A dart slug (D:1)
  11 orcs
  8 bats
  6 endoplasms
  4 giant cockroaches
  13 goblins
  14 hobgoblins
  7 jackals
  4 quokkas
  7 ball pythons
  2 frilled lizards (D:3)
  6 kobolds
  5 rats
120 creatures vanquished.

Notes
Turn   | Place    | Note
-------+----------+-------------------------------------------
     0 | D:1      | Foic the Octopode Brigand began the quest for the Orb.
     0 | D:1      | Reached XP level 1. HP: 14/14 MP: 1/1
   159 | D:1      | Reached XP level 2. HP: 19/19 MP: 2/2
   366 | D:1      | Reached XP level 3. HP: 17/24 MP: 3/3
   609 | D:1      | Reached skill level 6 in Stealth
   729 | D:2      | Got the Atlas of Transportation and Malediction
   875 | D:2      | Reached XP level 4. HP: 30/30 MP: 4/4
  1000 | D:2      | Noticed Robin
  1022 | D:2      | Killed Robin
  1155 | D:2      | Found a runed translucent door.
  1156 | D:2      | Noticed Crazy Yiuf
  1156 | D:2      | Noticed Natasha
  1167 | D:2      | Killed Natasha
  1168 | D:2      | Reached XP level 5. HP: 16/35 MP: 5/5
  1270 | D:2      | Killed Crazy Yiuf
  1346 | D:2      | Noticed Natasha
  1351 | D:2      | Killed Natasha
  1432 | D:2      | Noticed Natasha
  1441 | D:2      | Killed Natasha
  1531 | D:2      | Identified the +8 mace "Saenti" {heavy, rPois Int+2}
  1814 | D:3      | Reached skill level 7 in Stealth
  1927 | D:3      | Reached XP level 6. HP: 38/41 MP: 6/6
  2197 | D:4      | Found an opulent altar of Gozag.
  2203 | D:4      | Noticed Ijyb
  2223 | D:4      | Killed Ijyb
  2296 | D:4      | Found Sobb's Book Shop.
  2424 | D:4      | Found a bloodstained altar of Trog.
  2514 | D:4      | Found a transporter.
  2530 | D:4      | Found a transporter.
  2815 | D:4      | Reached XP level 7. HP: 37/46 MP: 7/7
  3333 | D:5      | Entered Level 5 of the Dungeon
  3373 | D:5      | Reached skill level 8 in Stealth
  3749 | D:5      | Reached XP level 8. HP: 22/54 MP: 8/8
  3926 | D:5      | HP: 2/54 [gnoll sergeant/+2 spear of flaming (11)]
  3926 | D:5      | Slain by a gnoll sergeant

Illustrated notes

Levels and vault maps discovered:
D:1:      minmay_arrival_three_doors, layout_loops_ring,
          minmay_misc_feat_four_crosses
D:2:      layout_basic, grunt_ministairs_11, chequers_serial_rivers_micro_c,
          hangedman_feature_mirror, uniq_robin, uniq_crazy_yiuf_cottage,
          uniq_natasha
D:3:      layout_rooms, kennysheep_generic_room_6
D:4:      gammafunk_wand_slinger, layout_basic, bloody_trog,
          amcnicky_altar_gilded, serial_shops, nicolae_shop_hallway_stairs,
          grunt_decor_mini_mirrors, uniq_ijyb
D:5:      layout_basic

Skill      XL: |  1  2  3  4  5  6  7 |
---------------+----------------------+-----
Stealth        | 6 7 8 |  8.8
Dodging        | 2 3 4 |  4.8
Throwing       | 3 |  3.9
Fighting       | 3 |  3.8
Short Blades   | 3 |  3.8

Action                     |  1- 3 |  4- 6 |  7- 9 || total
---------------------------+-------+-------+-------++-------
  Melee: Dagger            |    65 |   135 |    71 ||   271
         Constrict         |    14 |    27 |    17 ||    58
         Tentacles         |     7 |    33 |    25 ||    65
         Punch             |       |     2 |     3 ||     5
  Throw: Dart              |       |    18 |       ||    18
         Stone             |       |     8 |       ||     8
    Use: Potion            |       |     2 |       ||     2
   Stab: Sleeping          |    14 |    12 |     9 ||    35
         Distracted        |       |     2 |       ||     2
 Armour: Skin              |     3 |     6 |     1 ||    10
  Dodge: Dodged            |    27 |    59 |    40 ||   126
  Block: Other             |       |    18 |    12 ||    30
